 Dungeon Crawl Stone Soup version 0.23.2-1-ga50397a (webtiles) character file.

Game seed: 6106023519023828898

96 wilfster70 the Magician (level 4, -3/27 HPs)
             Began as an Octopode Wanderer on May 10, 2019.
             Slain by Natasha (5 damage)
             ... on level 3 of the Dungeon.
             The game lasted 00:08:10 (2574 turns).

wilfster70 the Magician (Octopode Wanderer)         Turns: 2574, Time: 00:08:11

Health: -3/27      AC:  1    Str: 11    XL:     4   Next: 67%
Magic:  9/9        EV: 13    Int: 14    God:
Gold:   107        SH:  0    Dex: 12    Spells: 7/10 levels left

rFire    . . .     SeeInvis .   (no weapon)
rCold    . . .     Gourm    .   (no shield)
rNeg     . . .     Faith    .   (helmet restricted)
rPois    .         Spirit   .   (no amulet)
rElec    .         Reflect  .   (no ring)
rCorr    .         Harm     .   (no ring)
MR       .....                  (no ring)
Stlth    +++.......             (no ring)
HPRegen  0.09/turn              (no ring)
MPRegen  0.11/turn              (no ring)
                                (no ring)
                                (no ring)

@: no status effects
A: almost no armour, stealthy swim, amphibious, 8 rings, constrict 8, camouflage
1, gelatinous body 1
a: no special abilities


You were on level 3 of the Dungeon.
You were not hungry.

You visited 1 branch of the dungeon, and saw 3 of its levels.

You collected 107 gold pieces.

Inventory:

Missiles
 b - 143 stones (quivered)
 d - 16 poisoned needles
Jewellery
 h - an uncursed amulet of guardian spirit {unknown}
Scrolls
 e - 3 scrolls of identify {unknown}
 i - a scroll of fog {unknown}
 j - a scroll of immolation {unknown}
 l - 2 scrolls of teleportation {unknown}
 n - a scroll of fear {unknown}
Potions
 g - a potion of heal wounds {unknown}
 k - a potion of curing
 m - a potion of magic {unknown}
Comestibles
 a - 4 chunks of flesh
 f - 2 rations


   Skills:
 + Level 2.3 Dodging
 - Level 3.0 Stealth
 + Level 3.8 Spellcasting
   Level 1.0 Summonings
   Level 2.0 Ice Magic
 + Level 2.7 Poison Magic
   Level 1.1 Evocations


You had 7 spell levels left.
You knew the following spells:

 Your Spells              Type           Power        Failure   Level  Hunger
a - Shock                 Conj/Air       #...         21%         1    None
b - Poisonous Vapours     Pois/Air       #.....       17%         2    ##.....

Your spell library contained the following spells:

 Spells                   Type           Power        Failure   Level  Hunger
 Sting                    Conj/Pois      #...         11%         1    None
 Mephitic Cloud           Conj/Pois/Air  #.......     38%         3    ###....
 Static Discharge         Conj/Air       #.......     52%         3    ###....
 Olgreb's Toxic Radiance  Pois           ##......     54%         4    ####...
 Venom Bolt               Conj/Pois      #.........   97%         5    ######.


Dungeon Overview and Level Annotations

Branches:
Dungeon (3/15)

Altars:
The Shining One

Annotations:
D:1 ac 10
D:3 Natasha


Innate Abilities, Weirdness & Mutations

You cannot wear most types of armour.
You are very stealthy in the water. (Stealth+)
You are amphibious.
You can wear up to eight rings at the same time.
You can use your tentacles to constrict eight enemies at once.
Your skin changes colour to match your surroundings (Stealth+).
Your rubbery body absorbs attacks. (AC +1, EV +1)


Message History

Your grab misses Natasha. Your squeeze misses Natasha.
Natasha closely misses you.
The goblin shoots a stone.
The stone hits you!
You barely miss Natasha. Your grab misses Natasha. Natasha claws you.
The goblin shoots a stone.
The stone closely misses you.
You tentacle-slap Natasha but do no damage.
You grab Natasha. You constrict Natasha. Natasha claws you.
The goblin shoots a stone.
The stone barely misses you.
You tentacle-slap Natasha but do no damage.
Natasha is lightly wounded.
You constrict Natasha. Natasha barely misses you.
You tentacle-slap Natasha but do no damage.
Natasha is moderately wounded.
You constrict Natasha.
The goblin shoots a stone.
The stone barely misses you. Natasha casts a spell at you.
The magic dart hits you!
* * * LOW HITPOINT WARNING * * *
You tentacle-slap Natasha but do no damage.
Natasha is moderately wounded.
You constrict Natasha. Natasha claws you.
You die...

#. .# .. .# #.
.. . #. .### ..
#####. .#.#..[
.....#...g...
#####..h.......
..>....@...#
#####(.<...#
#((#...# #..
...# ##. .....
.. ...##.# ##
.... . ...##
....


You could see Natasha and a goblin.

Vanquished Creatures
  4 adders (D:2)
  A worm (D:2)
  A dart slug (D:2)
  5 leopard geckos
  An orc (D:2)
  3 bats
  4 giant cockroaches
  4 goblins
  6 hobgoblins
  2 quokkas (D:2)
  3 ball pythons
  A frilled lizard (D:2)
  6 kobolds
  11 rats
52 creatures vanquished.

Notes
Turn   | Place    | Note
-------+----------+-------------------------------------------
     0 | D:1      | wilfster70 the Octopode Wanderer began the quest for the
                  | Orb.
     0 | D:1      | wilfster70 set off with the following items: a +0 club, a
                  | potion of lignification, a ration; and the following spells
                  | available to memorise: Sting, Poisonous Vapours, Shock,
                  | Mephitic Cloud, Static Discharge, Olgreb's Toxic Radiance,
                  | Venom Bolt
     0 | D:1      | Reached XP level 1. HP: 11/11 MP: 4/4
     2 | D:1      | Learned a level 1 spell: Shock
   270 | D:1      | Reached XP level 2. HP: 14/17 MP: 1/6
   279 | D:1      | Learned a level 2 spell: Poisonous Vapours
   455 | D:1      | Reached skill level 1 in Dodging
   670 | D:1      | Found a glowing golden altar of the Shining One.
   780 | D:1      | Reached XP level 3. HP: 21/21 MP: 1/7
  1033 | D:2      | Found a faded altar of an unknown god.
  1756 | D:2      | Reached XP level 4. HP: 23/27 MP: 9/9
  2269 | D:3      | Noticed Natasha
  2574 | D:3      | Slain by Natasha

Skill      XL: |  1  2  3  4 |
---------------+-------------+-----
Stealth        | 2 3 |  3.0
Dodging        | 1 2 |  2.3
Spellcasting   | |  3.8
Summonings     | |  1.0
Ice Magic      | |  2.0
Poison Magic   | |  2.7
Evocations     | |  1.1

Action                   |  1- 3 |  4- 6 || total
-------------------------+-------+-------++-------
Melee: Unarmed           |    58 |    34 ||    92
       Constrict         |    14 |     4 ||    18
       Tentacles         |    12 |     2 ||    14
 Cast: Shock             |    54 |    17 ||    71
  Use: Potion            |       |     2 ||     2
 Stab: Sleeping          |     3 |     3 ||     6
  Eat: Chunk             |     3 |     2 ||     5
Armor: Skin              |     5 |     7 ||    12
Dodge: Dodged            |    69 |    48 ||   117
